Map: Ruins of Endion

Players

Miszu

  • Race: Terran Terran
  • League: Master

Reinca - Winner!

  • Race: Terran Terran
  • League: Master

VOD

Have the link to the VOD?

Description

Time

  • Played on: March 30, 2016, 4:29 p.m.
  • Length: 8:52
Show
View Real Time Build Order
Export as new Build Order

Miszu Terran 

Build Orders: 1/1/1, MMM Bio, Banshee Rush 

Get SALT Encoding   

  12  0:01  SCV  
  13  0:13  SCV  
  14  0:17  Supply Depot  
  14  0:25  SCV  
  15  0:34  Refinery  
  15  0:39  SCV  
  16  0:48  Barracks  
  16  0:52  Refinery  
  16  0:54  SCV  
  17  1:06  Supply Depot  
  17  1:08  SCV  
  18  1:20  SCV  
  19  1:32  SCV  
  20  1:36  Factory, Reaper  
  21  1:44  Orbital Command  
  21  1:52  Supply Depot  
  21  2:08  Reaper  
  21  2:10  SCV  
  23  2:20  Hellion  
  23  2:21  Starport  
  26  2:22  SCV  
  26  2:29  Supply Depot  
  26  2:35  SCV  
  27  2:40  Barracks Tech Lab  
  27  2:41  Hellion  
  29  2:47  SCV  
  30  2:55  Supply Depot  
  30  3:06  SCV  
  30  3:10  Cloaking Field, Banshee  
  33  3:35  SCV  
  33  3:38  Command Center  
  33  3:42  Barracks Tech Lab, Factory Reactor  
  33  3:47  SCV  
  34  3:53  Banshee  
  37  4:00  SCV  
  38  4:12  SCV  
  39  4:30  SCV  
  40  4:36  Command Center  
  37  4:42  Marine  
  37  4:43  Stimpack  
  38  4:46  Starport Reactor  
  38  4:47  Barracks, Factory Tech Lab  
  38  4:50  Barracks, SCV  
  39  4:58  SCV  
  40  5:06  Marine, SCV  
  42  5:10  SCV  
  43  5:16  Siege Tank  
  43  5:18  SCV  
  47  5:23  Orbital Command  
  47  5:24  Marine  
  48  5:33  SCV  
  49  5:41  Marine x2  
  49  5:42  Marine x2  
  49  5:48  SCV  
  49  5:49  Orbital Command  
  47  5:53  SCV  
  47  5:56  Engineering Bay, Refinery x2  
  48  5:57  Engineering Bay  
  48  5:59  Siege Tank  
  48  6:00  Medivac, SCV  
  54  6:04  Medivac  
  54  6:07  SCV  
  57  6:12  SCV  
  57  6:13  Marine  
  57  6:17  Marine  
  57  6:18  Marine x2  
  61  6:20  SCV  
  61  6:21  SCV  
  61  6:23  Terran Infantry Weapons Level 1  
  61  6:24  Terran Infantry Armor Level 1  
  64  6:26  SCV  
  64  6:30  Marine  
  66  6:35  Marine x2  
  66  6:36  Siege Tank  
  71  6:40  Marine  
  71  6:42  SCV x2  
  74  6:48  Supply Depot x2, Marine  
  75  7:02  Marine x2  
  77  7:09  Marine x2, Combat Shields  
  77  7:15  Barracks x2, Armory  
  79  7:18  Supply Depot  
  79  7:21  Orbital Command  
  79  7:23  Marine x2, SCV x2  
  79  7:27  Marine  
  84  7:35  SCV x2  
  86  7:43  Medivac  
  87  7:44  Sensor Tower  
  87  7:45  Medivac  
  87  7:47  SCV x2  
  87  7:49  SCV  
  92  7:59  Supply Depot, SCV x2  
  92  8:02  Supply Depot  
  92  8:03  Supply Depot  
  92  8:05  Barracks Reactor  
  94  8:08  Marine  
  94  8:10  SCV  
  94  8:11  Barracks Reactor, SCV  
  94  8:12  SCV  
  98  8:13  Medivac  
  98  8:16  Marine  
  98  8:19  Sensor Tower  
  100  8:22  SCV  
  100  8:23  SCV  
  100  8:25  Marine  
Show
View Real Time Build Order
Export as new Build Order

Reinca Terran - Winner!

Build Orders: Reaper Expand, MMM Bio 

Get SALT Encoding   

  12  0:01  SCV  
  13  0:13  SCV  
  14  0:18  Supply Depot  
  14  0:25  SCV  
  15  0:29  Refinery  
  15  0:39  SCV  
  16  0:46  Barracks  
  16  0:52  SCV  
  17  1:04  SCV  
  18  1:16  SCV  
  19  1:32  Orbital Command  
  19  1:33  Reaper  
  20  1:48  Command Center  
  20  1:58  Supply Depot, SCV  
  21  2:05  Reaper  
  22  2:10  SCV  
  22  2:12  Refinery  
  23  2:21  Factory  
  23  2:22  SCV  
  24  2:34  SCV  
  25  2:37  Reaper  
  26  2:46  SCV  
  27  2:58  SCV  
  27  3:01  Bunker, Orbital Command  
  30  3:06  Hellion  
  30  3:07  Starport  
  30  3:09  Marine  
  30  3:11  SCV  
  31  3:27  Marine  
  31  3:28  Hellion  
  33  3:35  SCV  
  33  3:36  SCV  
  33  3:40  Engineering Bay  
  35  3:45  Viking  
  35  3:46  Marine  
  35  3:48  SCV x2  
  40  3:51  Factory Tech Lab  
  40  4:00  SCV x2  
  42  4:04  Supply Depot  
  42  4:07  Missile Turret  
  42  4:12  Missile Turret  
  42  4:13  Missile Turret  
  42  4:14  Barracks Reactor  
  42  4:15  Siege Tank  
  41  4:29  SCV x2  
  42  4:39  Viking  
  42  4:41  SCV x2  
  46  4:46  Supply Depot  
  46  4:53  SCV x2  
  46  4:58  Marine, Factory Tech Lab  
  46  4:59  Stimpack  
  49  5:06  SCV x2  
  50  5:11  Starport Reactor  
  50  5:12  Supply Depot  
  50  5:18  SCV  
  50  5:19  Marine, Siege Tank, SCV  
  56  5:32  SCV x2  
  56  5:33  Barracks  
  56  5:34  Barracks  
  57  5:44  SCV x2  
  58  5:51  Marine  
  58  5:55  Refinery x2, Terran Infantry Weapons Level 1  
  58  5:56  SCV  
  58  5:57  SCV  
  61  6:00  Starport Reactor  
  61  6:09  SCV x2  
  63  6:15  Barracks  
  63  6:16  Barracks  
  63  6:17  Supply Depot  
  63  6:18  Siege Tank  
  63  6:21  SCV x2  
  68  6:28  Supply Depot  
  68  6:32  Marine x2  
  68  6:39  Marine x3, SCV x2  
  75  6:40  Supply Depot  
  75  6:44  Medivac  
  77  6:50  Medivac  
  77  6:53  Siege Tank  
  77  6:54  Supply Depot  
  82  7:02  Barracks Reactor x2, Combat Shields  
  82  7:05  Marine x2  
  82  7:06  Supply Depot  
  84  7:09  Marine x3  
  87  7:20  Medivac  
  87  7:22  Medivac  
  91  7:30  Supply Depot  
  91  7:31  Supply Depot  
  91  7:32  Marine x4  
  91  7:33  Marine  
  96  7:38  Marine x2  
  96  7:39  Marine x2  
  96  7:43  Siege Tank  
  103  7:50  Marine x5  
  108  7:54  Supply Depot  
  108  7:56  Medivac x2  
  112  8:00  Supply Depot  
  112  8:08  Marine x3  
  112  8:09  Marine  
  112  8:12  Marine x2  
  117  8:14  Marine  
  117  8:15  Marine  
  120  8:23  Marine  
  120  8:26  Marine x2  
Tags
 
Add a new tag
Caveats
  • Supply blocks, unpowered buildings, or Contaminate may cause inaccurate times.
  • Supply counts are checked every 10 seconds.